 Dungeon Crawl Stone Soup version bcrawl-1.18.1 (webtiles) character file.

Game seed: 16074894564955458917

1128 Morbidden the Destroyer (level 8, 0/50 HPs)
             Began as a Fairy Conjurer on Nov 10, 2019.
             Engulfed by a cloud of flame (18 damage)
             ... on level 4 of the Dungeon.
             The game lasted 00:07:03 (3897 turns).

Morbidden the Destroyer (Fairy Conjurer)            Turns: 3897, Time: 00:07:03

Health: 0/50       AC:  7    Str:  6    XL:     8   Next: 35%
Magic:  18/19      EV: 17    Int: 22    God:
Gold:   184        SH:  9    Dex: 12    Spells: 16/20 levels left

rFire    . . .     SeeInvis .   r - +0 falchion (protect)
rCold    . . .     Gourm    .   t - +0 buckler
rNeg     . . .     Faith    .   (armour unavailable)
rPois    .         Spirit   .   s - +1 helmet
rElec    .         Reflect  .   (no cloak)
rCorr    .         Harm     .   (no gloves)
MR       .....                  (no boots)
Stlth    +.........             (no amulet)
HPRegen  0.16/turn              (no ring)
MPRegen  0.16/turn              (no ring)

@: flying evasively
A: small, magic attunement, unstealthy, unfitting armour, able to fly, AC/SH +5
a: Stop Flying


You were on level 4 of the Dungeon.
You were near starving.

You visited 1 branch of the dungeon, and saw 4 of its levels.

You collected 184 gold pieces.

Inventory:

Hand Weapons
 r - a +0 falchion of protection (weapon)
Armour
 s - a +1 helmet (worn)
 t - a +0 buckler (worn)
Wands
 e - a wand of paralysis (13)
 j - a wand of digging (14)
Scrolls
 a - 2 scrolls of magic mapping
 f - 3 scrolls of identify
 h - a scroll of enchant weapon {unknown}
 k - 2 scrolls of fog
 n - 3 scrolls of teleportation
 p - a scroll of amnesia {unknown}
 q - a scroll of remove curse
 u - a scroll of blinking {unknown}
Potions
 b - 2 potions of magic
 d - a potion of ambrosia
 g - a potion of heal wounds
 i - a potion of haste {unknown}
 l - a potion of might {unknown}
 m - a potion of curing {unknown}
 o - a potion of lignification {unknown}
 v - a potion of brilliance {unknown}
 w - a potion of degeneration {unknown}
 x - a potion of resistance
Comestibles
 c - 12 rations {!d}


   Skills:
 * Level 2.2 Fighting
 + Level 0.8 Long Blades
 * Level 4.8 Dodging
 - Level 1.8 Stealth
 + Level 0.1 Shields
 * Level 6.5 Spellcasting
 * Level 9.4 Conjurations


You had 16 spell levels left.
You knew the following spells:

 Your Spells              Type           Power        Failure   Level  Hunger
a - Iskenderun's Mystic   Conj           #####...     1%          3    None
b - Magic Dart            Conj           ####         1%          1    None

Your spell library contained the following spells:

 Spells                   Type           Power        Failure   Level  Hunger
 Searing Ray              Conj           #####.       1%          2    None
 Fulminant Prism          Conj/Hex       ####......   21%         4    None
 Irradiate                Conj/Tmut      ####......   50%         5    None


Dungeon Overview and Level Annotations

Branches:
Dungeon (4/12)
 Temple: D:4-7

Altars:
Gozag
Makhleb

Annotations:
D:4 1 transporter


Innate Abilities, Weirdness & Mutations

Your spells do not cause hunger and MP costs are reduced by 1.
Your bright wings attract enemies. (Stealth-)
You cannot fit into any form of body armour.
Your shimmering scales are hard and can block incoming attacks. (AC +5, SH +5)
You are small and have problems with some larger weapons.
You can fly continuously.


Message History

The fire bat bites you but does no damage.
Casting: Iskenderun's Mystic Blast (safe; 1% risk of failure)
Confirm with . or Enter, or press ? or * to list all spells.
Aiming: Iskenderun's Mystic Blast (safe; 1% risk of failure)
Press: ? - help, Shift-Dir - straight line, f/p - fire bat
Aim: a fire bat (flame, heavily wounded)
The orb of energy hits the fire bat.
You kill the fire bat!
Casting: Iskenderun's Mystic Blast (safe; 1% risk of failure)
Confirm with . or Enter, or press ? or * to list all spells.
You can't see any susceptible monsters within range! (Use Z to cast anyway.) Unknown command.
You start resting.
Magic restored.
Really fly into a travel-excluded area?
You are engulfed in blazing flames.
There is an open gate here.
You are engulfed in blazing flames.
You are engulfed in blazing flames.
You die...

###[#.........#
#.#.........#
..#......>..#
########.........#
#☼☼°☼○########...#
##○○°°☼#○○○☼○°#...#
.###○○°°°#○°○○☼○#..†##..
...#%$.☼☼○.#.#○☼#.......
..©#©(.@○☼...©○○#©...†..
#..#($.°○°.#.#☼.#.......
#.##☼°°☼○#○○○°○○#.......
##○○.°○#°°○☼○○#....)?.
#○○☼○☼########.......
####### ........
##...... ......


There were no monsters in sight!

Vanquished Creatures
  Sigmund (D:2)
  2 fire bats (D:4)
  An ogre (D:4)
  A gnoll sergeant (D:4)
  A crimson imp (D:4)
  A hound (D:3)
  3 orc priests (D:3)
  A bullfrog skeleton (D:4)
  3 orc wizards (D:3)
  A worker ant (D:4)
  Robin (D:3)
  6 gnolls
  6 adders
  An ooze (D:2)
  An adder skeleton (D:4)
  4 worms
  2 dart slugs
  3 leopard geckos
  10 orcs
  5 bats
  6 giant cockroaches
  17 goblins
  10 hobgoblins
  4 jackals
  2 quokkas
  2 frilled lizards
  9 kobolds
  4 rats
108 creatures vanquished.

Notes
Turn   | Place    | Note
-------+----------+-------------------------------------------
     0 | D:1      | Morbidden the Fairy Conjurer began the quest for the Orb.
     0 | D:1      | Reached XP level 1. HP: 11/11 MP: 6/6
    15 | D:1      | Reached skill level 5 in Conjurations
   288 | D:1      | Reached XP level 2. HP: 17/17 MP: 7/7
   488 | D:1      | Reached XP level 3. HP: 21/21 MP: 9/9
   839 | D:2      | Noticed Sigmund
   845 | D:2      | Learned a level 3 spell: Iskenderun's Mystic Blast
   922 | D:2      | Killed Sigmund
   922 | D:2      | Reached skill level 7 in Conjurations
   922 | D:2      | Reached XP level 4. HP: 11/27 MP: 8/12
   922 | D:2      | Reached XP level 5. HP: 12/31 MP: 8/13
  1215 | D:2      | Reached XP level 6. HP: 36/36 MP: 11/14
  1412 | D:2      | Found a burning altar of Makhleb.
  1412 | D:2      | Noticed a balrug
  1979 | D:3      | Found an opulent altar of Gozag.
  2158 | D:3      | Noticed Robin
  2160 | D:3      | Killed Robin
  2271 | D:3      | Reached skill level 5 in Spellcasting
  2278 | D:3      | Reached XP level 7. HP: 42/42 MP: 8/16
  2281 | D:3      | Reached skill level 8 in Conjurations
  2283 | D:3      | Reached skill level 1 in Fighting
  3705 | D:4      | Found a transporter.
  3744 | D:4      | Reached skill level 9 in Conjurations
  3744 | D:4      | Reached XP level 8. HP: 50/50 MP: 2/18
  3840 | D:4      | Found a transporter.
  3897 | D:4      | Engulfed by a cloud of flame

Skill      XL: |  1  2  3  4  5  6  7  8 |
---------------+-------------------------+-----
Conjurations   | 5 7 9 |  9.4
Spellcasting   | 3 4 5 6 |  6.5
Dodging        | 3 4 |  4.8
Fighting       | 2 |  2.2
Long Blades    | |  0.8
Stealth        | |  1.8
Shields        | |  0.1

Action                   |  1- 3 |  4- 6 |  7- 9 || total
-------------------------+-------+-------+-------++-------
Melee: Unarmed           |     1 |    14 |       ||    15
       Falchion          |       |     6 |    12 ||    18
 Cast: Magic Dart        |    47 |    23 |       ||    70
       Iskenderun's Myst |     3 |    43 |    49 ||    95
  Use: Potion            |     3 |       |       ||     3
       Scroll            |       |     4 |     1 ||     5
  Eat: Chunk             |       |     4 |     3 ||     7
Armor: Skin              |     9 |     1 |     6 ||    16
Dodge: Dodged            |    25 |    24 |    10 ||    59
Block: Other             |     6 |     8 |     2 ||    16
       Buckler           |       |       |     4 ||     4
